 Dungeon Crawl Stone Soup version 0.29-a0-824-gd827844252 (webtiles) character file.

Game seed: 13345828514098582531

3 coolguy69 the Trooper (level 1, -2/11 HPs)
             Began as a Vine Stalker Berserker on July 10, 2022.
             Was a Follower of Trog.
             Slain by a gnoll
             ... wielding a +0 flail
              (10 damage)
             ... on level 1 of the Dungeon.
             The game lasted 00:00:17 (423 turns).

coolguy69 the Trooper (Vine Stalker Berserker)       Turns: 423, Time: 00:00:17

Health: -2/11      AC:  3    Str: 19    XL:     1   Next: 50%
Magic:  0/2        EV: 12    Int:  7    God:    Trog [*.....]
Gold:   61         SH:  0    Dex: 13    Spells: 0/0 levels left

rFire   . . .      SeeInvis .   a - +0 short sword
rCold   . . .      Faith    .   (no shield)
rNeg    . . .      Spirit   +   b - +0 animal skin
rPois   .          Reflect  .   (no helmet)
rElec   .          Harm     .   e - +0 cloak
rCorr   .          Rampage  .   (no gloves)
Will    .....                   (no boots)
Stlth   +.........              (no amulet)
HPRegen 0.03/turn               (no ring)
MPRegen 0.08/turn               (no ring)

@: no status effects
A: fangs 2, magic shield, antimagic bite, no potion heal 2
a: Renounce Religion, Berserk


You were on level 1 of the Dungeon.
You worshipped Trog.
Trog was aware of your devotion.
You visited 1 branch of the dungeon, and saw 1 of its levels.

You collected 61 gold pieces.

Inventory:

Hand Weapons
 a - a +0 short sword (weapon)
Armour
 b - a +0 animal skin (worn)
 e - a +0 cloak (worn)
Potions
 c - a potion of lignification {unknown}
 d - a potion of curing {unknown}


   Skills:
 + Level 2.8 Fighting
 + Level 2.7 Short Blades
 + Level 1.6 Armour
 + Level 1.6 Dodging


You couldn't memorise any spells.
You didn't know any spells.
Your spell library was empty.

Dungeon Overview and Level Annotations

Branches:
Dungeon (1/15)

Altars:


Innate Abilities, Weirdness & Mutations

You have extremely sharp teeth.
When hurt, damage is shared between your health and your magic reserves.
Your bite disrupts and absorbs the magic of your enemies.
Potions cannot restore your health.


Message History

No target in view!
Search for what [? for help]? cloak You see here a +0 cloak.
Search for what [Enter for "cloak", or ? for help]?
Unknown command.
e - a +0 cloak You start putting on your armour.
You continue putting on your +0 cloak. x4
You finish putting on your +0 cloak.
You see here a +0 club.
You now have 49 gold pieces (gained 11).
Found a stone staircase leading down.
You now have 61 gold pieces (gained 12).
A frilled lizard comes into view.
A gnoll comes into view. It is wielding a +0 flail.
The gnoll shouts!
The frilled lizard hisses angrily.
There are monsters nearby!
A goblin comes into view. It is wielding a +0 club.
Found a triangular soapstone amulet.
You barely miss the frilled lizard. You bite the frilled lizard.
You kill the frilled lizard!
Trog accepts your kill.
There are monsters nearby!
A goblin comes into view. It is wielding a +0 dagger.
The goblin moves out of view.
There are monsters nearby!
You closely miss the gnoll. The gnoll hits you with a +0 flail.
There are monsters nearby!
You hit the gnoll.
The gnoll is moderately wounded.
The gnoll barely misses you.
There are monsters nearby!
You hit the gnoll but do no damage. Your bite misses the gnoll.
The gnoll is moderately wounded.
The goblin hits you but does no damage. The gnoll misses you.
There are monsters nearby!
You hit the gnoll but do no damage. Your bite misses the gnoll.
The gnoll is moderately wounded.
The goblin misses you. The gnoll hits you with a +0 flail!
Ouch! That really hurt!
You die...

## #. # .. ###### .. .
#....# ...##.#.##.#
...$..#.##.#
...?..g....#
."....g@.#.#
##.....###.# #.....
#.#########
#.....###.........#####
.......+........).......
.......#.........#..####
.......#.........#..# #
.......#.........#..# #
#.........#..# #


You could see a gnoll and a goblin.

Vanquished Creatures
  A goblin (D:1)
  A frilled lizard (D:1)
  A kobold (D:1)
  A rat (D:1)
4 creatures vanquished.

Notes
Turn   | Place    | Note
-------+----------+-------------------------------------------
     0 | D:1      | coolguy69 the Vine Stalker Berserker began the quest for
                  | the Orb.
     0 | D:1      | Reached XP level 1. HP: 11/11 MP: 2/2
   423 | D:1      | Slain by a gnoll

Illustrated notes

Levels and vault maps discovered:
D:1:      dpeg_arrival_chambers_temple_mockup, layout_basic

Action                   || total
-------------------------++-------
Melee: Short sword       ||    13
       Bite              ||     3
Armor: Animal skin       ||     2
Dodge: Dodged            ||     3

Table legend: (Time is in decaauts)
 A = Elapsed time spent in this place.
 B = Non-inter-level travel time spent in this place.
 C = Inter-level travel time spent in this place.
 D = Time resting spent in this place.
 E = Time spent auto-exploring this place.
 F = Levels seen in this place.
 G = Mean time per level.
                   A        B        C        D        E       F      G
               +--------+--------+--------+--------+--------+-----+--------+
         Total |    422 |    404 |     18 |      0 |    368 |   1 |  422.0 |
       Dungeon |    422 |    404 |     18 |      0 |    368 |   1 |  422.0 |
               +--------+--------+--------+--------+--------+-----+--------+

Top non-repeatable levels by time:
     D:1: 422 daAuts
